[Event "ICC tourney 1904 (10 3)"]
[Site "Internet Chess Club"]
[Date "2020.07.05"]
[Round "4"]
[White "Chessmasterrus"]
[Black "hursha6b5"]
[Result "0-1"]
[ICCResult "White resigns"]
[WhiteElo "1454"]
[BlackElo "1667"]
[Opening "Giuoco Pianissimo: Italian four knights variation"]
[ECO "C50"]
[NIC "IG.02"]
[Time "13:47:53"]
[TimeControl "600+3"]

1. e4 e5 2. Nf3 Nc6 3. Bc4 Bc5 4. Nc3 Nf6 5. d3 d6 6. h3 a6 7. Bg5 h6 8. Bh4
g5 9. Bg3 Be6 10. Nd5 Bxd5 11. Bxd5 Nxd5 12. exd5 Ne7 13. c4 Nf5 14. a3 a5
15. Bh2 Qf6 16. O-O h5 17. Nd2 Qg6 18. Ne4 Bb6 19. Kh1 g4 20. hxg4 hxg4 21.
Qxg4 Qh6 22. Qh3 Qxh3 23. gxh3 Rxh3 24. Ng3 Nh4 25. f4 Bd4 26. Rac1 O-O-O
27. Rc2 Rg8 28. Ne2 Be3 29. fxe5 Nf3 30. Nc3 Rgh8 31. Rxf3 Rxf3 32. exd6
cxd6 33. Ne4 Rg8 34. Nxd6+ Kd7 35. Be5 Rh3+ {White resigns} 0-1

[Event "ICC tourney 1904 (10 3)"]
[Site "Internet Chess Club"]
[Date "2020.07.05"]
[Round "4"]
[White "hackerguru"]
[Black "chesslead"]
[Result "0-1"]
[ICCResult "White resigns"]
[WhiteElo "1407"]
[BlackElo "1575"]
[Opening "R?ti opening"]
[ECO "A11"]
[NIC "QP.09"]
[Time "13:48:30"]
[TimeControl "600+3"]

1. Nf3 d5 2. c4 c6 3. e3 Nf6 4. Nc3 e6 5. b3 Nbd7 6. Bb2 Bd6 7. Qc2 O-O 8.
Rg1 e5 9. cxd5 cxd5 10. Nb5 Bb8 11. Rc1 a6 12. Nc7 Bxc7 13. Qxc7 Qxc7 14.
Rxc7 Re8 15. d4 e4 16. Nd2 b5 17. g4 h6 18. Be2 b4 19. h4 Nf8 20. g5 hxg5
21. hxg5 N6h7 22. Bg4 Ne6 23. Bxe6 Bxe6 24. g6 Nf6 25. gxf7+ Bxf7 26. Ke2
Rac8 27. Rgc1 Rxc7 28. Rxc7 a5 29. Nf1 Re6 30. Ng3 Ng4 31. Rc2 Rf6 32. Ke1
Be8 33. Bc1 Bb5 34. Rc5 Bc6 35. Nh5 Rh6 36. Nf4 Rh1+ 37. Ke2 Bb7 38. Bd2
Ba6+ {White resigns} 0-1

[Event "ICC tourney 1904 (10 3)"]
[Site "Internet Chess Club"]
[Date "2020.07.05"]
[Round "4"]
[White "kaleblancman"]
[Black "NamanSingh283"]
[Result "1/2-1/2"]
[ICCResult "Game drawn by mutual agreement"]
[WhiteElo "1724"]
[BlackElo "1790"]
[Opening "Queen's pawn: London system"]
[ECO "A45"]
[NIC "QP.07"]
[Time "13:47:37"]
[TimeControl "600+3"]

1. d4 Nf6 2. Bf4 g6 3. Nc3 d5 4. e3 Bg7 5. h4 c6 6. Be2 Nbd7 7. Nf3 O-O 8.
Ne5 Nxe5 9. Bxe5 h5 10. Qd2 a5 11. a4 Qb6 12. f3 Bd7 13. O-O-O Qb4 14. g4
hxg4 15. h5 Nxh5 16. fxg4 Nf6 17. g5 Ne4 18. Nxe4 dxe4 19. c3 Qxa4 20. Qe1
f6 21. gxf6 exf6 22. Qh4 Bf5 23. Bg4 g5 24. Qh3 Bxg4 25. Qxg4 fxe5
{Game drawn by mutual agreement}
1/2-1/2

[Event "ICC tourney 1904 (10 3)"]
[Site "Internet Chess Club"]
[Date "2020.07.05"]
[Round "4"]
[White "Grinch81"]
[Black "JGroder"]
[Result "1/2-1/2"]
[ICCResult "Game drawn by repetition"]
[WhiteElo "1191"]
[BlackElo "1469"]
[Opening "Bogo-Indian defense"]
[ECO "E11"]
[NIC "QI.01"]
[Time "13:47:55"]
[TimeControl "600+3"]

1. d4 Nf6 2. Nf3 e6 3. c4 Bb4+ 4. Bd2 Bxd2+ 5. Nbxd2 O-O 6. g3 d5 7. Bg2 b6
8. O-O Bb7 9. Ne5 Nbd7 10. Ndf3 Nxe5 11. Nxe5 c5 12. e3 cxd4 13. Qxd4 Rb8
14. Rfd1 Re8 15. Rac1 Ba8 16. b4 dxc4 17. Qxc4 Qe7 18. Nc6 Bxc6 19. Bxc6
Rec8 20. b5 Rd8 21. a4 Rxd1+ 22. Rxd1 Rd8 23. Rd4 Rxd4 24. Qxd4 g6 25. h4 h5
26. e4 e5 27. Qc3 Kf8 28. a5 Qc7 29. axb6 axb6 30. Qa3+ Qe7 31. Qa8+ Kg7 32.
Qb8 Qc5 33. Kg2 Nh7 34. Qb7 Nf6 35. Qb8 Nh7 36. Qd8 Nf6 37. Qb8
{Game drawn by repetition}
1/2-1/2

[Event "ICC tourney 1904 (10 3)"]
[Site "Internet Chess Club"]
[Date "2020.07.05"]
[Round "4"]
[White "messyblaster"]
[Black "PhaseShift"]
[Result "0-1"]
[ICCResult "White resigns"]
[WhiteElo "1322"]
[BlackElo "1519"]
[Opening "Nimzo-Indian: Leningrad variation"]
[ECO "E30"]
[NIC "NI.25"]
[Time "13:47:54"]
[TimeControl "600+3"]

1. d4 Nf6 2. c4 e6 3. Nc3 Bb4 4. Bg5 c5 5. e3 Qa5 6. Ne2 cxd4 7. exd4 Qxg5
8. g3 O-O 9. Bg2 Bxc3+ 10. Nxc3 Nc6 11. O-O d5 12. cxd5 Nxd5 13. f4 Qd8 14.
Nxd5 exd5 15. Qb3 Qb6 16. Qxb6 axb6 17. Bxd5 Nxd4 18. a3 Nc2 19. Rae1 Bh3
20. Rf2 Nd4 21. Bxb7 Rae8 22. Rxe8 Rxe8 23. Bg2 Bxg2 24. Kxg2 Re2 25. Rxe2
Nxe2 26. Kf2 Nd4 27. Ke3 Nc6 28. Kd3 Kf8 29. Kc4 Na7 30. Kd5 Ke7 31. a4 Kd7
32. b4 f6 33. b5 Nc8 34. f5 Ne7+ 35. Ke4 Kd6 36. g4 Nd5 37. Kd4 Nc7 38. h4
Nd5 39. g5 Ne7 40. Ke4 Kc5 41. h5 h6 42. gxf6 gxf6 43. Kf4 Kb4 44. Ke4 Kxa4
45. Kd4 Kxb5 {White resigns} 0-1

[Event "ICC tourney 1904 (10 3)"]
[Site "Internet Chess Club"]
[Date "2020.07.05"]
[Round "4"]
[White "jojoraman"]
[Black "squaling"]
[Result "1-0"]
[ICCResult "Black checkmated"]
[WhiteElo "1173"]
[BlackElo "1093"]
[Opening "Scotch game"]
[ECO "C45"]
[NIC "SO.04"]
[Time "13:47:40"]
[TimeControl "600+3"]

1. e4 e5 2. Nf3 Nc6 3. d4 exd4 4. Nxd4 d6 5. Bb5 Bd7 6. Nc3 Nf6 7. Bg5 Be7
8. O-O O-O 9. Bc4 Nxe4 10. Bxe7 Qxe7 11. Re1 Nxc3 12. Rxe7 Nxd1 13. Rxd7
Nxb2 14. Nxc6 bxc6 15. Bb3 Rac8 16. Rb1 Rb8 17. Rxb2 a5 18. Bxf7+ Kh8 19.
Rxb8 Rxb8 20. f3 Rb1+ 21. Kf2 g6 22. Rxc7 c5 23. Bb3 Rb2 24. Rc8+ Kg7 25.
Ra8 c4 26. Bxc4 Rxc2+ 27. Be2 Rxa2 28. Re8 a4 29. Kg3 a3 30. Rg8+ Kh6 31.
Bc4 Rc2 32. Bb3 Rb2 33. Be6 a2 34. Ra8 Kg5 35. Rxa2 Rxa2 36. Bxa2 h5 37. h4+
Kf5 38. Bb1+ Kf6 39. Kf4 d5 40. Bd3 d4 41. g4 hxg4 42. fxg4 g5+ 43. hxg5+
Kg7 44. Kf5 Kf7 45. g6+ Kg7 46. Ke6 Kg8 47. Kf6 Kf8 48. g7+ Kg8 49. Bc4+ Kh7
50. Kf7 d3 51. g8=Q+ Kh6 52. Qg6# {Black checkmated} 1-0

[Event "ICC tourney 1904 (10 3)"]
[Site "Internet Chess Club"]
[Date "2020.07.05"]
[Round "4"]
[White "Ben2008"]
[Black "Benranger2011"]
[Result "0-1"]
[ICCResult "White resigns"]
[WhiteElo "1267"]
[BlackElo "1454"]
[Opening "Scotch: Schmidt variation"]
[ECO "C45"]
[NIC "SO.04"]
[Time "13:48:30"]
[TimeControl "600+3"]

1. e4 e5 2. Nf3 Nc6 3. d4 exd4 4. Nxd4 Nf6 5. Nc3 Bc5 6. Be3 Bb6 7. Be2 O-O
8. O-O Nxd4 9. Bxd4 d6 10. Bxb6 axb6 11. Bd3 Re8 12. f4 d5 13. e5 Ng4 14.
Qf3 c6 15. Rae1 Qh4 16. h3 Nh6 17. a3 f6 18. Kh2 Nf7 19. Re2 Bd7 20. Rfe1
fxe5 21. fxe5 Re7 22. e6 Ng5 23. Qf5 Nxe6 24. Rxe6 g6 25. Qf3 Bxe6 26. g3
Qxh3+ {White resigns} 0-1

[Event "ICC tourney 1904 (10 3)"]
[Site "Internet Chess Club"]
[Date "2020.07.05"]
[Round "4"]
[White "NSXchessplayer"]
[Black "imranchamp"]
[Result "1-0"]
[ICCResult "Black checkmated"]
[WhiteElo "1389"]
[BlackElo "1298"]
[Opening "Sicilian defense"]
[ECO "B20"]
[NIC "SI.48"]
[Time "13:47:53"]
[TimeControl "600+3"]

1. e4 c5 2. d3 g6 3. g3 Bg7 4. Bg2 Nc6 5. Ne2 d6 6. O-O Nh6 7. f4 O-O 8. h3
f5 9. c3 fxe4 10. dxe4 Nf7 11. Be3 e5 12. Nd2 Qc7 13. Qc2 Bd7 14. Rac1 Ne7
15. g4 Nd8 16. f5 Bc6 17. Ng3 b6 18. Rf2 d5 19. Rcf1 d4 20. cxd4 cxd4 21.
Bg5 h6 22. Bxe7 Qxe7 23. fxg6 Bd7 24. Nf5 Bxf5 25. exf5 Rb8 26. Ne4 Bf6 27.
Qd2 Bg5 28. Nxg5 Qxg5 29. Qxg5 hxg5 30. f6 Ne6 31. Bd5 Rbe8 32. f7+ Kg7 33.
fxe8=Q Rxe8 34. Bxe6 Rxe6 35. Rf7+ Kxg6 36. Rxa7 e4 37. Re1 d3 38. Rd7 b5
39. Kf2 Re5 40. Rd4 b4 41. Rdxe4 Ra5 42. Rxb4 Rxa2 43. Re6+ Kf7 44. Rd6 Ra5
45. Rxd3 Rc5 46. Rf3+ Ke6 47. Re4+ Kd5 48. Rf5+ Kxe4 49. Rxc5 Kd4 50. Rxg5
Kc4 51. Rf5 Kb3 52. h4 Kxb2 53. g5 Kc3 54. g6 Kd4 55. g7 Ke4 56. Rf7 Ke5 57.
g8=Q Ke6 58. Qe8+ Kd6 59. Rd7+ Kc5 60. Qc8+ Kb4 61. Rb7+ Ka3 62. Qa8#
{Black checkmated}
1-0

[Event "ICC tourney 1904 (10 3)"]
[Site "Internet Chess Club"]
[Date "2020.07.05"]
[Round "4"]
[White "christopherelam"]
[Black "Knightboy123"]
[Result "1-0"]
[ICCResult "Black checkmated"]
[WhiteElo "1337"]
[BlackElo "1275"]
[Opening "Queen's pawn, Mason variation"]
[ECO "D00"]
[NIC "QP.08"]
[Time "13:47:51"]
[TimeControl "600+3"]

1. d4 d5 2. Bf4 Bf5 3. e3 e6 4. c4 Bxb1 5. Qxb1 Bb4+ 6. Kd1 Nf6 7. a3 Bd6 8.
Bxd6 Qxd6 9. c5 Qd8 10. Nf3 Ne4 11. Ke1 c6 12. Bd3 Nf6 13. Qc2 Nbd7 14. b4
Rc8 15. Ng5 h6 16. Nf3 Qe7 17. Ke2 e5 18. Nxe5 Nxe5 19. dxe5 Qxe5 20. Bf5
Rd8 21. Rad1 O-O 22. Bd3 Rfe8 23. Qb3 d4 24. Bc4 Rd7 25. h3 Rde7 26. Rhe1
Ne4 27. Kf1 Nc3 28. f4 Qf6 29. Rxd4 Rxe3 30. Rxe3 Rxe3 31. Bxf7+ Qxf7 32.
Rd8+ Re8 33. Rxe8+ Kh7 34. Qxf7 Ne4 35. Rg8 Ng3+ 36. Kf2 Nf5 37. g4 b5 38.
gxf5 a6 39. Qxg7# {Black checkmated} 1-0

[Event "ICC tourney 1904 (10 3)"]
[Site "Internet Chess Club"]
[Date "2020.07.05"]
[Round "4"]
[White "wolfemonster"]
[Black "Jeffchess"]
[Result "1-0"]
[ICCResult "Black checkmated"]
[WhiteElo "1476"]
[BlackElo "1322"]
[Opening "Queen's Pawn"]
[ECO "B07"]
[NIC "QO.17"]
[Time "13:47:55"]
[TimeControl "600+3"]

1. d4 d6 2. e4 a6 3. Nf3 h6 4. Bd3 Bd7 5. O-O e6 6. Re1 Be7 7. c4 Nc6 8. Nc3
Nf6 9. e5 dxe5 10. dxe5 Nh7 11. Bf4 Ng5 12. a3 f5 13. Nh4 O-O 14. Ng6 Rf7
15. h4 Nh7 16. h5 Bg5 17. Qd2 Be8 18. Na4 Rd7 19. Nc5 Bf7 20. Nxd7 Qxd7 21.
Rad1 Rd8 22. Qe3 Qe8 23. Bxg5 Nxg5 24. f4 Nh7 25. Be2 Bxg6 26. hxg6 Qxg6 27.
Rxd8+ Nxd8 28. Rd1 Nc6 29. b4 Nf8 30. b5 axb5 31. cxb5 Nb8 32. Bf3 b6 33.
Qc3 Qf7 34. Rc1 Qe7 35. a4 c5 36. bxc6 Qa7 37. c7 b5+ 38. Qc5 Qxa4 39.
cxb8=Q Qxf4 40. Qcxf8+ Kh7 41. Qg8+ Kg6 42. Qbe8+ Kg5 43. Qxg7+ Kh4 44. g3+
Qxg3+ 45. Qxg3+ Kxg3 46. Qh5 Kf4 47. Re1 b4 48. Kf2 b3 49. Qh4#
{Black checkmated}
1-0

[Event "ICC tourney 1904 (10 3)"]
[Site "Internet Chess Club"]
[Date "2020.07.05"]
[Round "4"]
[White "oxdidi"]
[Black "Ghostrook"]
[Result "0-1"]
[ICCResult "White forfeits on time"]
[WhiteElo "1110"]
[BlackElo "1335"]
[Opening "French: advance, Paulsen attack"]
[ECO "C02"]
[NIC "FR.03"]
[Time "13:47:56"]
[TimeControl "600+3"]

1. e4 e6 2. d4 d5 3. e5 c5 4. c3 Nc6 5. Nf3 Qb6 6. Be2 Bd7 7. O-O Rc8 8. Be3
Qxb2 9. Nbd2 cxd4 10. cxd4 Qb6 11. Rb1 Qc7 12. Qb3 Na5 13. Qb2 Qc3 14. Qxc3
Rxc3 15. Nb3 Nxb3 16. axb3 Rc7 17. b4 Ne7 18. Rfc1 Rxc1+ 19. Rxc1 Nf5 20.
Bd2 Kd8 21. g4 Nh6 22. Bg5+ Be7 23. Bxe7+ Kxe7 24. h3 Rc8 25. Rc5 b6 26.
Rxc8 Bxc8 27. Ng5 f6 28. Nxh7 Bd7 29. exf6+ gxf6 30. g5 fxg5 31. Nxg5 Nf5
{White forfeits on time}
0-1

[Event "ICC tourney 1904 (10 3)"]
[Site "Internet Chess Club"]
[Date "2020.07.05"]
[Round "4"]
[White "NonnaThat"]
[Black "PearsonH"]
[Result "1-0"]
[ICCResult "Black resigns"]
[WhiteElo "1860"]
[BlackElo "1431"]
[Opening "French: Steinitz, Boleslavsky variation"]
[ECO "C11"]
[NIC "FR.04"]
[Time "13:47:53"]
[TimeControl "600+3"]

1. e4 e6 2. d4 d5 3. Nc3 Nf6 4. e5 Nfd7 5. f4 c5 6. Nf3 Nc6 7. Be3 a6 8. Qd2
b5 9. a3 Bb7 10. Be2 Be7 11. O-O O-O 12. Kh1 Rc8 13. g4 cxd4 14. Nxd4 Nxd4
15. Bxd4 Bc5 16. Bf3 Bxd4 17. Qxd4 Qb6 18. Qd2 Rc7 19. Ne2 Rfc8 20. Nd4 Rc4
21. Rad1 R4c7 22. h4 Nc5 23. f5 Ne4 24. Qf4 Rxc2 25. Nxc2 Rxc2 26. fxe6
{Black resigns}
1-0

[Event "ICC tourney 1904 (10 3)"]
[Site "Internet Chess Club"]
[Date "2020.07.05"]
[Round "4"]
[White "LChessMaster"]
[Black "knighthawkmill"]
[Result "1-0"]
[ICCResult "Black checkmated"]
[WhiteElo "1542"]
[BlackElo "1504"]
[Opening "French: advance variation"]
[ECO "C02"]
[NIC "FR.03"]
[Time "13:48:29"]
[TimeControl "600+3"]

1. e4 e6 2. d4 d5 3. e5 Nc6 4. Nf3 Nge7 5. Bg5 h6 6. Bh4 Qd7 7. c3 Nf5 8.
Bd3 Nxh4 9. Nxh4 Be7 10. Nf3 a6 11. Nbd2 b6 12. Bc2 Na5 13. b4 Nc4 14. Nxc4
dxc4 15. Qe2 Bb7 16. Qxc4 Bxf3 17. gxf3 b5 18. Qd3 c6 19. Rg1 g6 20. Qe3 h5
21. a4 Qb7 22. axb5 axb5 23. Ke2 Kd7 24. f4 Rhf8 25. Bb3 Rxa1 26. Rxa1 Ra8
27. Qc1 Ra7 28. Ra2 Rxa2+ 29. Bxa2 Qa6 30. Qa1 Qa4 31. Qb2 Bd8 32. Ke3 Bb6
33. Bb3 Qa7 34. Kd3 Qc7 35. Qa1 Qd8 36. Qa6 Bc7 37. c4 bxc4+ 38. Kxc4 Qc8
39. Qxc8+ Kxc8 40. Kc5 Kb7 41. Ba4 Bb6+ 42. Kd6 Bxd4 43. Bxc6+ Kb6 44. Be8
Bc3 45. Bxf7 Bxb4+ 46. Kxe6 Bd2 47. Bxg6 Bxf4 48. Kf6 Bxh2 49. e6 Bd6 50. e7
Bxe7+ 51. Kxe7 h4 52. Kd6 h3 53. f4 Kb5 54. Be4 Kc4 55. f5 Kd4 56. Bd5 h2
57. f6 Ke3 58. f7 Kf2 59. f8=Q+ Kg1 60. Qg8+ Kf2 61. Qg2+ Ke1 62. Bf3 h1=Q
63. Qe2# {Black checkmated} 1-0

[Event "ICC tourney 1904 (10 3)"]
[Site "Internet Chess Club"]
[Date "2020.07.05"]
[Round "4"]
[White "SamLightning"]
[Black "PawnPower17"]
[Result "0-1"]
[ICCResult "White resigns"]
[WhiteElo "1259"]
[BlackElo "1397"]
[Opening "Dutch with c4 & Nc3"]
[ECO "A85"]
[NIC "HD.05"]
[Time "13:48:30"]
[TimeControl "600+3"]

1. d4 f5 2. c4 Nf6 3. Nc3 e6 4. Bg5 Be7 5. f3 O-O 6. e4 fxe4 7. fxe4 Nxe4 8.
Bxe7 Qxe7 9. Nxe4 Qh4+ 10. Kd2 Qxe4 11. Nf3 Nc6 12. Kc1 a5 13. Qd3 Qf4+ 14.
Kb1 Nb4 15. Qd2 Qf5+ 16. Kc1 b6 17. a3 Nc6 18. Bd3 Qf4 19. Bc2 Ba6 20. b3
Bb7 21. Rf1 Nxd4 22. Kb2 Nxf3 23. Qxf4 Rxf4 24. gxf3 Raf8 25. Rad1 d6 26.
Rd2 Rxf3 27. Rg1 Rf2 28. Rxf2 Rxf2 29. h4 Be4 30. Rc1 Kf7 31. Kb1 Bxc2+ 32.
Rxc2 Rxc2 33. Kxc2 Kf6 34. Kd3 Kf5 35. Ke3 Kg4 36. Kd4 Kxh4 37. c5 dxc5+ 38.
Ke5 g5 39. Kxe6 g4 40. Kd7 g3 41. Kxc7 g2 42. Kxb6 g1=Q 43. Kxa5 Qg6
{White resigns}
0-1

[Event "ICC tourney 1904 (10 3)"]
[Site "Internet Chess Club"]
[Date "2020.07.05"]
[Round "4"]
[White "hanslaw"]
[Black "spaceegg"]
[Result "1-0"]
[ICCResult "Black checkmated"]
[WhiteElo "1183"]
[BlackElo "1187"]
[Opening "Philidor's defense"]
[ECO "C41"]
[NIC "KP.10"]
[Time "13:49:30"]
[TimeControl "600+3"]

1. e4 e5 2. Nf3 d6 3. Bc4 Bg4 4. Nc3 c6 5. d3 h6 6. h3 Bxf3 7. Qxf3 Qf6 8.
Qe3 Nd7 9. a3 Be7 10. Bd2 Nb6 11. Ba2 h5 12. O-O-O Nd7 13. f4 Nc5 14. fxe5
Qxe5 15. d4 Bg5 16. Qxg5 Qxd4 17. Bf4 Qf6 18. Rxd6 Qxg5 19. Bxg5 f6 20. Be3
Nd7 21. Rhd1 O-O-O 22. Be6 Ne7 23. Bxa7 b5 24. Rxd7 Rxd7 25. Rxd7 Rd8 26.
Rxe7+ Rd7 27. Rxd7 g5 28. Na2 h4 29. Nb4 g4 30. Nxc6 gxh3 31. Re7#
{Black checkmated}
1-0

[Event "ICC tourney 1904 (10 3)"]
[Site "Internet Chess Club"]
[Date "2020.07.05"]
[Round "4"]
[White "Mueffling"]
[Black "SuperBlueSky"]
[Result "0-1"]
[ICCResult "White resigns"]
[WhiteElo "1211"]
[BlackElo "1298"]
[Opening "Queen's pawn, Mason variation, Steinitz counter-gambit"]
[ECO "D00"]
[NIC "QP.08"]
[Time "13:48:30"]
[TimeControl "600+3"]

1. d4 d5 2. Bf4 c5 3. c3 Nc6 4. b3 Nf6 5. e3 Bf5 6. h3 e6 7. g4 Bg6 8. h4 h6
9. h5 Bh7 10. Bd3 Bxd3 11. Qxd3 cxd4 12. cxd4 Nxg4 13. Qb5 Qd7 14. Nc3 Nf6
15. Na4 Bb4+ 16. Kf1 O-O 17. a3 Be7 18. Ne2 Rac8 19. Qd3 Bd6 20. Bxd6 Qxd6
21. Ng3 b6 22. Nc3 Qd7 23. Nce2 Ne7 24. a4 Rc7 25. f4 Rfc8 26. Kf2 Nf5 27.
Nxf5 exf5 28. Kf3 Ne4 29. Rac1 Rxc1 {White resigns} 0-1

[Event "ICC tourney 1904 (10 3)"]
[Site "Internet Chess Club"]
[Date "2020.07.05"]
[Round "4"]
[White "gardemarin13"]
[Black "atippa"]
[Result "1/2-1/2"]
[ICCResult "Game drawn by mutual agreement"]
[WhiteElo "1736"]
[BlackElo "1425"]
[Opening "Scotch gambit: Dubois-R?ti defense"]
[ECO "C55"]
[NIC "KP.02"]
[Time "13:48:30"]
[TimeControl "600+3"]

1. e4 e5 2. Nf3 Nc6 3. d4 exd4 4. Bc4 Nf6 5. e5 d5 6. Bb5 Ne4 7. Nxd4 Bc5 8.
Be3 Bxd4 9. Qxd4 O-O 10. Bxc6 bxc6 11. Nc3 Nxc3 12. Qxc3 Bd7 13. O-O Re8 14.
Rae1 Qe7 15. Bd4 Qe6 16. f4 Qg6 17. Re3 Qf5 18. e6 Rxe6 19. Rxe6 Qxe6 20.
Bxg7 Qg6 21. Be5 c5 22. Qxc5 Qb6 23. Qd4 Qxd4+ 24. Bxd4 a5 25. f5 Rb8 26. g4
Rb4 27. Rd1 c5 28. Bxc5 Rxg4+ 29. Kf2 Rf4+ 30. Ke3 Rxf5 31. c4 dxc4
{Game drawn by mutual agreement}
1/2-1/2

[Event "ICC tourney 1904 (10 3)"]
[Site "Internet Chess Club"]
[Date "2020.07.05"]
[Round "4"]
[White "edgei33"]
[Black "albli"]
[Result "0-1"]
[ICCResult "White forfeits on time"]
[WhiteElo "1410"]
[BlackElo "1535"]
[Opening "Sicilian: Kan, 5.Nc3"]
[ECO "B43"]
[NIC "SI.41"]
[Time "13:48:07"]
[TimeControl "600+3"]

1. e4 c5 2. Nf3 e6 3. d4 cxd4 4. Nxd4 a6 5. Nc3 b5 6. Be3 Bb7 7. f3 Qc7 8.
Qd2 Nf6 9. O-O-O Bb4 10. Nde2 O-O 11. g4 d5 12. Qd3 dxe4 13. Nxe4 Bxe4 14.
fxe4 Nxg4 15. Bf4 e5 16. Bg3 Nc6 17. Qf3 Nf6 18. Bh4 Be7 19. Rg1 Kh8 20. Bh3
Rad8 21. Rxd8 Rxd8 22. Nc3 Nd4 23. Qg2 g6 24. Qf2 Kg7 25. Rf1 Qd6 26. Kb1
Rf8 27. Bg3 b4 28. Ne2 Nxe2 29. Qxe2 Qc5 30. Bf2 Qc7 31. Bg2 Nh5 32. Qxa6
Nf4 33. Bf3 Rc8 34. Qa4 Qc4 35. Rd1 Nh3 36. Be3 Ng5 37. Bxg5 Bxg5 38. Qb3
Qxb3 39. axb3 Bf4 40. h3 f5 41. exf5 gxf5 42. Rd5 Kf6 43. h4 e4 44. Be2 Be5
45. Bb5 f4 46. Bc4 e3 47. Kc1 Rg8 48. Rb5 Rg1+ {White forfeits on time} 0-1

[Event "ICC tourney 1904 (10 3)"]
[Site "Internet Chess Club"]
[Date "2020.07.05"]
[Round "4"]
[White "Harbingerman"]
[Black "Xqpnc28"]
[Result "1-0"]
[ICCResult "Black resigns"]
[WhiteElo "946"]
[BlackElo "1143"]
[Opening "Trompowsky attack (Ruth, Opocensk? opening)"]
[ECO "A45"]
[NIC "QP.07"]
[Time "13:48:30"]
[TimeControl "600+3"]

1. d4 Nf6 2. Bg5 Ne4 3. Bf4 d5 4. f3 Nf6 5. Nd2 Bf5 6. g4 Bg6 7. h4 h6 8. h5
Bh7 9. e3 e6 10. Bd3 Bxd3 11. cxd3 Nbd7 12. g5 hxg5 13. Bxg5 Be7 14. e4 c6
15. e5 Nh7 16. Bxe7 Qxe7 17. f4 Qb4 18. Nf3 b5 19. Qb3 Qxb3 20. Nxb3 a5 21.
Nc5 Nxc5 22. dxc5 a4 23. a3 Ke7 24. Nd4 Kd7 25. Ke2 f6 26. Rhg1 Rhg8 27. Rg2
Rab8 28. Rag1 g5 29. hxg6 Nf8 30. g7 Nh7 31. Rg6 fxe5 32. fxe5 b4 33. Rh6
bxa3 34. bxa3 Nf8 35. Rh8 Ng6 36. Rxg6 Rxh8 37. gxh8=Q Rxh8 38. Rxe6
{Black resigns}
1-0

[Event "ICC tourney 1904 (10 3)"]
[Site "Internet Chess Club"]
[Date "2020.07.05"]
[Round "4"]
[White "clair"]
[Black "Aidenrchess"]
[Result "0-1"]
[ICCResult "White checkmated"]
[WhiteElo "1303"]
[BlackElo "1459"]
[Opening "Queen's pawn: London system"]
[ECO "A45"]
[NIC "QP.07"]
[Time "13:48:30"]
[TimeControl "600+3"]

1. d4 Nf6 2. Bf4 d5 3. e3 Bf5 4. c4 e6 5. Nc3 Bd6 6. Bxd6 Qxd6 7. Nf3 a6 8.
cxd5 exd5 9. Qb3 Nc6 10. Rc1 O-O 11. Be2 Na5 12. Qd1 Rfe8 13. O-O Ne4 14.
Nh4 Bd7 15. Bg4 Rad8 16. Bxd7 Rxd7 17. Nf5 Qg6 18. Nxe4 Rxe4 19. Ng3 Re8 20.
Qa4 Nc6 21. b4 h5 22. b5 axb5 23. Qxb5 Rd6 24. Qxb7 h4 25. Ne2 Re7 26. Nf4
Qf6 27. Rxc6 Rxc6 28. Nxd5 Rb6 29. Nxe7+ Qxe7 30. Qa8+ Kh7 31. Qe4+ Qxe4 32.
h3 Qc2 33. a3 Qa4 34. d5 Qxa3 35. e4 Qa2 36. f3 Rb1 37. Rxb1 Qxb1+ 38. Kf2
Qc2+ 39. Ke3 Qc5+ 40. Kf4 f6 41. g3 Qd6+ 42. Kg4 hxg3 43. f4 g2 44. Kf3 g1=Q
45. e5 fxe5 46. fxe5 Qxd5+ 47. Kf4 Qgd4+ 48. Kg5 Q5xe5# {White checkmated}
0-1

[Event "ICC tourney 1904 (10 3)"]
[Site "Internet Chess Club"]
[Date "2020.07.05"]
[Round "4"]
[White "atharvamchess"]
[Black "Priccchess"]
[Result "0-1"]
[ICCResult "White checkmated"]
[WhiteElo "1252"]
[BlackElo "1491"]
[Opening "Philidor's defense"]
[ECO "C41"]
[NIC "KP.10"]
[Time "13:47:42"]
[TimeControl "600+3"]

1. e4 e5 2. Nf3 d6 3. Bc4 Be7 4. Nc3 Nf6 5. d3 a6 6. a4 Nc6 7. Be3 O-O 8. h3
Be6 9. Ba2 Bxa2 10. Rxa2 d5 11. exd5 Nxd5 12. Nxd5 Qxd5 13. Ra1 Rad8 14. O-O
h6 15. Re1 f5 16. Qe2 Bf6 17. Rab1 Rfe8 18. b3 Kh8 19. Bc1 e4 20. dxe4 Rxe4
21. Qf1 Bc3 22. Rxe4 fxe4 23. Nh2 Nd4 24. Bb2 Bxb2 25. Rxb2 Nf5 26. Rb1 e3
27. fxe3 Nxe3 28. Qf2 Qd4 29. Nf3 Qb6 30. Ne5 Re8 31. Ng4 Nxg4 32. Qxb6 cxb6
33. hxg4 Re2 34. c4 Kh7 35. Kh2 Re3 36. b4 Rc3 37. c5 bxc5 38. bxc5 Rxc5 39.
Rxb7 Rc4 40. a5 Rc5 41. Ra7 Rxa5 42. Kg3 Ra1 43. Kf4 a5 44. g5 hxg5+ 45.
Kxg5 a4 46. Kf4 a3 47. Ke3 a2 48. Kd2 Rf1 49. Rxa2 Rf2+ 50. Kc3 Rxa2 51. Kd4
Rxg2 52. Ke3 Rg6 53. Kf4 Kh6 54. Kf5 Rf6+ 55. Kg4 g5 56. Kg3 Kh5 57. Kh3
Rf3+ 58. Kg2 Kg4 59. Kh2 Rf2+ 60. Kg1 Kg3 61. Kh1 Rf1# {White checkmated}
0-1

[Event "ICC tourney 1904 (10 3)"]
[Site "Internet Chess Club"]
[Date "2020.07.05"]
[Round "4"]
[White "JensenUVA"]
[Black "harrislencz"]
[Result "1-0"]
[ICCResult "Black checkmated"]
[WhiteElo "1463"]
[BlackElo "1297"]
[Opening "Sicilian: Pelikan, Chelyabinsk variation"]
[ECO "B33"]
[NIC "SI.37"]
[Time "13:47:54"]
[TimeControl "600+3"]

1. e4 c5 2. Nf3 Nc6 3. d4 cxd4 4. Nxd4 Nf6 5. Nc3 e5 6. Ndb5 d6 7. Bg5 a6 8.
Na3 b5 9. Nd5 Be7 10. Nxe7 Nxe7 11. Bxf6 gxf6 12. c4 b4 13. Qa4+ Qd7 14.
Qxb4 Bb7 15. f3 Nc6 16. Qd2 f5 17. Bd3 Nd4 18. Nc2 fxe4 19. Bxe4 Bxe4 20.
fxe4 Ne6 21. O-O Nf4 22. Rad1 Rg8 23. Ne3 Qh3 24. Kh1 Qe6 25. Qxd6 Rg6 26.
Qxe6+ Rxe6 27. g3 Nh3 28. Rf5 Rb8 29. b3 f6 30. Nd5 Kf7 31. Kg2 Ng5 32. Nxf6
Kg6 33. Nd7 Rbe8 34. Nc5 Rc6 35. Nd3 Nf7 36. g4 Re7 37. Rdf1 Rd6 38. Rxf7
Ree6 39. Nc5 Re8 40. Rd7 Rc6 41. Rd5 Rec8 42. b4 a5 43. a3 axb4 44. axb4 Ra8
45. Rxe5 Ra2+ 46. Kg3 Rc2 47. Re6+ Rxe6 48. Nxe6 Rxc4 49. e5 Rxb4 50. Rf6#
{Black checkmated}
1-0